 Dungeon Crawl Stone Soup version 0.30.0-18-gc0e69614cb (webtiles) character file.

Game seed: 10520529120035363422

461 RascalDebosk the Magician (level 7, -5/51 HPs)
             Began as a Djinni Conjurer on May 23, 2023.
             Killed by divine providence
             ... invoked by an orc priest
              (11 damage)
             ... on level 4 of the Dungeon.
             The game lasted 00:16:49 (2932 turns).

RascalDebosk the Magician (Djinni Conjurer)         Turns: 2932, Time: 00:16:49

Health: -5/51      AC:  2    Str:  6    XL:     7   Next: 28%
Gold:   247        EV: 12    Int: 21    God:
                   SH:  0    Dex: 12

rFire   + + .        s - +1 dagger (venom)
rCold   x . .        (no shield)
rNeg    . . .        a - +0 robe
rPois   ∞            (no helmet)
rElec   .            (no cloak)
rCorr   .            (no gloves)
SInv    .            (boots unavailable)
Will    .....        (no amulet)
Stlth   ++           (no ring)
HPRegen 0.28/turn    (no ring)
MPRegen 0.00/turn

%: infuse magic (-6 HP)
@: flying
A: sickness immunity, fire resistance 2, cold vulnerability 1, float, innate
caster, HP casting, extra vitality 1
a: no special abilities


You were on level 4 of the Dungeon.
You visited 1 branch of the dungeon, and saw 4 of its levels.

You collected 247 gold pieces.

Inventory:

Hand Weapons
 s - a +1 dagger of venom (weapon)
Armour
 a - a +0 robe (worn)
Wands
 f - a wand of flame (4)
Scrolls
 b - 3 scrolls of identify {unknown}
 c - a scroll of amnesia {unknown}
 d - a scroll of brand weapon {unknown}
 g - a scroll of enchant armour {unknown}
 i - a scroll of immolation {unknown}
 l - a scroll of noise {unknown}
Potions
 e - 2 potions of flight {unknown}
 h - 3 potions of resistance {unknown}
 j - a potion of lignification {unknown}
 k - 2 potions of might {unknown}
 m - 2 potions of berserk rage {unknown}
 n - a potion of magic {unknown}
 o - a potion of brilliance {unknown}
 p - a potion of mutation {unknown}


   Skills:
 * Level 3.8 Fighting
 - Level 2.1 Dodging
 - Level 1.5 Stealth
 * Level 5.1 Spellcasting
 + Level 2.5 Evocations


You knew the following spells:

 Your Spells              Type           Power      Damage    Failure   Level
a - Magic Dart            Conj           100%       1d8       1%          1
b - Searing Ray           Conj           52%        2d6       1%          2
c - Dazzling Flash        Conj/Hex       52%        N/A       4%          3
d - Fulminant Prism       Conj/Hex       13%        3d8       13%         4
e - Iskenderun's Mystic   Conj/Tloc      26%        2d7       13%         4
f - Foxfire               Conj/Fire      100%       2x1d9     1%          1
g - Scorch                Fire           52%        2d7       1%          2
h - Inner Flame           Hex/Fire       26%        N/A       4%          3
Your spell library was empty.

Dungeon Overview and Level Annotations

Branches:
Dungeon (4/15)
 Temple: D:4-7

Altars:
Qazlal
Uskayaw

Shops:
D:2 :

Annotations:
D:3 exclusion: statue


Innate Abilities, Weirdness & Mutations

You are immune to sickness and miasma.
You are immune to poison.
Your flesh is very heat resistant. (rF++)
You are vulnerable to cold. (rC-)
You float through the air rather than walking.
You learn spells naturally, not from books.
Your magical power is your life essence.
You have superior vitality. (+4 MHP)


Message History

You conjure some foxfire!
The foxfire hits the orc wizard.
The orc wizard is lightly wounded.
The foxfire hits the orc wizard but does no damage.
The orc wizard is lightly wounded.
The orc wizard is engulfed in a cloud of scalding steam.
The foxfire hits the orc wizard.
The orc wizard is severely wounded.
An orc warrior comes into view. It is wielding a +0 trident.
The foxfire hits the orc wizard.
You kill the orc wizard!
Casting: Foxfire (safe; 1% risk of failure)
Confirm with . or Enter, or press ? or * to list all spells.
You conjure some foxfire!
Casting: Foxfire (safe; 1% risk of failure)
Confirm with . or Enter, or press ? or * to list all spells.
You conjure some foxfire!
The foxfire hits the orc warrior but does no damage. x2
Casting: Foxfire (safe; 1% risk of failure)
Confirm with . or Enter, or press ? or * to list all spells.
You conjure some foxfire!
The foxfire hits the orc warrior.
The orc warrior is lightly wounded.
The foxfire hits the orc warrior but does no damage.
The orc warrior is lightly wounded.
The foxfire hits the orc warrior but does no damage.
The orc warrior is lightly wounded.
The foxfire hits the orc warrior.
The orc warrior is moderately wounded.
Casting: Foxfire (safe; 1% risk of failure)
Confirm with . or Enter, or press ? or * to list all spells.
You conjure some foxfire!
The foxfire hits the orc warrior but does no damage.
The orc warrior is moderately wounded.
The foxfire hits the orc warrior but does no damage.
The orc warrior is moderately wounded.
Casting: Foxfire (safe; 1% risk of failure)
Confirm with . or Enter, or press ? or * to list all spells.
You conjure some foxfire!
The foxfire hits the orc warrior.
The orc warrior is moderately wounded.
The foxfire hits the orc warrior but does no damage.
The orc warrior is moderately wounded.
An orc comes into view. It is wielding a +0 short sword.
An orc wizard comes into view. It is wielding a +0 dagger.
Casting: Foxfire (safe; 1% risk of failure)
Confirm with . or Enter, or press ? or * to list all spells.
You conjure some foxfire!
The foxfire hits the orc warrior but does no damage.
The orc warrior is moderately wounded.
An orc comes into view. It is wielding a +0 club.
Casting: Foxfire (safe; 1% risk of failure)
Confirm with . or Enter, or press ? or * to list all spells.
You conjure some foxfire!
The foxfire hits the orc warrior.
The orc warrior is heavily wounded.
The foxfire hits the orc warrior!
The orc warrior is almost dead.
The foxfire hits the orc warrior but does no damage.
The orc warrior is almost dead.
The orc warrior closely misses you.
An orc priest comes into view. It is wielding a +0 mace.
The orc wizard mumbles some strange words.
The orc wizard flickers and vanishes!
Deactivating autopickup; reactivate with Ctrl-A.
Casting: Foxfire (safe; 1% risk of failure)
Confirm with . or Enter, or press ? or * to list all spells.
You conjure some foxfire!
* * * LOW HITPOINT WARNING * * *
The foxfire hits the orc warrior!
You kill the orc warrior!
Your Spellcasting skill increases to level 5!
You have reached level 7!
The power to cast Inner Flame wells up from within.
Spell assigned to 'h'.
Casting: Foxfire (safe; 1% risk of failure)
Confirm with . or Enter, or press ? or * to list all spells.
Aiming: Inner Flame (dangerous; 4% risk of failure)
Press: ? - help, Dir - move target, f - orc priest
Aim: an orc priest, wielding a +0 mace and wearing a +0 leather armour (chance to affect: 81%)
The orc priest is filled with an inner flame.
* * * LOW HITPOINT WARNING * * *
The foxfire hits the orc.
The orc is moderately wounded.
The foxfire hits the orc but does no damage.
The orc is moderately wounded.
The foxfire hits the orc!
You kill the orc!
Casting: Inner Flame (dangerous; 4% risk of failure)
Confirm with . or Enter, or press ? or * to list all spells.
You conjure some foxfire!
* * * LOW HITPOINT WARNING * * *
The orc priest calls down the wrath of Beogh upon you.
Beogh smites you!
* * * LOW HITPOINT WARNING * * *
Casting: Foxfire (safe; 1% risk of failure)
Confirm with . or Enter, or press ? or * to list all spells.
You conjure some foxfire!
* * * LOW HITPOINT WARNING * * *
The foxfire hits something. x2
An orc priest comes into view. It is wielding a +0 flail.
The orc priest mumbles some strange prayers to Beogh against you.
Beogh smites you!
You die...

## #.# . #.## #
.###. #... ..
..... ).. ...
......#.. ....
.~§...#.##....#
§§§...v.......#
...).)v@§...#
.§)§o.§§§......
o.o)..§§...##.#
........(.##
.#######...
.### .# .#


You could see 2 orc priests and an orc.

Vanquished Creatures
  Sigmund (D:3)
  An orc warrior (D:4)
  An orc wizard (D:4)
  3 gnolls (D:2)
  7 adders
  3 dart slugs
  5 orcs
  4 endoplasms
  2 giant cockroaches
  6 goblins
  8 hobgoblins
  4 jackals (D:3)
  4 kobolds
  A quokka (D:1)
  7 ball pythons
  5 bats
  7 frilled lizards
  4 rats
73 creatures vanquished.

Vanquished Creatures (others)
  130 foxfires
  2 fulminant prisms
132 creatures vanquished.

Grand Total: 205 creatures vanquished

Notes
Turn   | Place    | Note
-------+----------+-------------------------------------------
     0 | D:1      | RascalDebosk the Djinni Conjurer began the quest for the
                  | Orb.
     0 | D:1      | RascalDebosk set off with the following spells memorised:
                  | Magic Dart, Searing Ray, Dazzling Flash, Fulminant Prism,
                  | Iskenderun's Mystic Blast.
     0 | D:1      | Reached XP level 1. HP: 15/15 MP: 0/0
   277 | D:1      | Reached XP level 2. HP: 17/21 MP: 0/0
   475 | D:1      | Reached XP level 3. HP: 23/25 MP: 0/0
   475 | D:1      | Learned a level 1 spell: Foxfire
   934 | D:2      | Reached skill level 4 in Spellcasting
   939 | D:2      | Reached skill level 1 in Fighting
   939 | D:2      | Reached XP level 4. HP: 12/32 MP: 0/0
  1081 | D:2      | You are sucked into a shaft and drop 1 floor!
  1086 | D:3      | Noticed Sigmund
  1096 | D:3      | Killed Sigmund
  1097 | D:3      | Reached skill level 1 in Evocations
  1097 | D:3      | Reached XP level 5. HP: 23/40 MP: 0/0
  1097 | D:3      | Learned a level 2 spell: Scorch
  1097 | D:3      | Reached XP level 6. HP: 26/45 MP: 0/0
  1312 | D:2      | Found a transporter.
  1316 | D:2      | Found Ritrent's Book Emporium.
  1318 | D:2      | Found a transporter.
  1927 | D:3      | Found a hide-covered altar of Uskayaw.
  2904 | D:4      | Found a stormy altar of Qazlal.
  2921 | D:4      | Noticed an orc warrior
  2929 | D:4      | Killed an orc warrior
  2930 | D:4      | Reached skill level 5 in Spellcasting
  2930 | D:4      | Reached XP level 7. HP: 26/51 MP: 0/0
  2930 | D:4      | Learned a level 3 spell: Inner Flame
  2932 | D:4      | Killed from afar by an orc priest

Illustrated notes

Levels and vault maps discovered:
D:1:      dpeg_arrival_court, layout_loops_ring
D:2:      layout_basic, serial_shops, nicolae_shop_drivethru
D:3:      layout_loops_corners, vehumet_statue, mainiacjoe_overflow_paths,
          serial_bayou, serial_bayou_shore_b, serial_bayou_pond_e,
          serial_bayou_shore_b, serial_bayou_lagoon_b, serial_bayou_lagoon_a,
          uniq_sigmund
D:4:      layout_loops_ring, nicolae_qazlal_scattered_showers, zin_purify

Skill      XL: |  1  2  3  4  5  6 |
---------------+-------------------+-----
Spellcasting   | 4 5 |  5.1
Fighting       | 1 2 3 |  3.8
Evocations     | 1 2 |  2.5
Dodging        | |  2.1
Stealth        | |  1.5

Action                     |  1- 3 |  4- 6 |  7- 9 || total
---------------------------+-------+-------+-------++-------
  Melee: Short sword       |    12 |     2 |       ||    14
         Dagger            |       |    51 |       ||    51
   Cast: Magic Dart        |    37 |     9 |       ||    46
         Foxfire           |     9 |    69 |     2 ||    80
         Searing Ray       |     1 |     2 |       ||     3
         Fulminant Prism   |       |     2 |       ||     2
         Scorch            |       |     6 |       ||     6
         Iskenderun's Myst |       |     2 |       ||     2
         Inner Flame       |       |       |     1 ||     1
 Armour: Robe              |     4 |     2 |       ||     6
  Dodge: Dodged            |    15 |    19 |       ||    34
